 Dungeon Crawl Stone Soup version 0.31-a0-210-gccc998df9b (webtiles) character file.

Game seed: 6632611508829255362

272333 qw the Tortoise (level 20, -31/144 HPs)
             Began as a Gargoyle Fighter on June 29, 2023.
             Was a High Priest of Okawaru.
             Annihilated by an ironbound frostheart (35 damage)
             ... led by a vault warden
             ... on level 4 of the Vaults.
             The game lasted 00:22:53 (39617 turns).

qw the Tortoise (Gargoyle Fighter)                 Turns: 39617, Time: 00:22:54

Health: -31/144    AC: 62    Str: 29    XL:     20   Next: 66%
Magic:  26/27      EV: 16    Int:  9    God:    Okawaru [*****.]
Gold:   1580       SH: 33    Dex: 15    Spells: 19/19 levels left

rFire   . . .        u - +5 broad axe (spect)
rCold   . . .        B - +10 tower shield of Ignorance {rN+ Int-4}
rNeg    + + .        D - +5 crystal plate armour
rPois   inf          a - +2 helmet
rElec   +            y - +2 cloak
rCorr   .            h - +0 pair of gloves
SInv    .            w - +0 pair of boots of Tunith {Rampage Dex+6}
Will    +....        x - amulet of faith Stlth
                     n - +5 ring of evasion
HPRegen 0.44/turn    s - +6 ring of strength
MPRegen 0.20/turn

%: rampage, faith
@: about to teleport, heroic, marked, flying
A: sickness immunity, AC +15, big wings, negative energy resistance 1,
electricity resistance, torment resistance 1, petrification resistance, robust
1, weak 1
}: 1/15 runes: serpentine
a: Renounce Religion, Heroism, Finesse, Duel


You were on level 4 of the Vaults.
You worshipped Okawaru.
Okawaru was extremely pleased with you.
You visited 7 branches of the dungeon, and saw 34 of its levels.
You also visited: Desolation.

You collected 3423 gold pieces.
You spent 1843 gold pieces at shops.


Innate Abilities, Weirdness & Mutations

You are immune to sickness and miasma.
Your stone body is resilient. (AC +15)
You are immune to poison.
Your large and strong wings let you fly.
You resist negative energy. (rN+)
You are resistant to electric shocks. (rElec)
You are resistant to unholy torment.
You are immune to petrification.
You are robust. (+10% HP)
You are weak. (Str -2)


   Skills:
 - Level 16.0(21.0) Fighting
 - Level 18.0(23.0) Axes
 - Level 8.5(13.5) Throwing
 + Level 19.5(24.5) Armour
 - Level 5.1(10.1) Dodging
 - Level 19.0(24.0) Shields
 - Level 10.0 Invocations


You had 19 spell levels left.
You didn't know any spells.
Your spell library was empty.

Inventory:

Hand Weapons
 u - a +5 spectral broad axe (weapon)
 C - a +6 broad axe
Missiles
 i - 20 boomerangs
 t - 2 javelins (quivered)
Armour
 a - a +2 helmet (worn)
 b - the +2 hat of the Gloaming {rF- Will+ rCorr}
   (You acquired it on level 2 of the Dungeon)

   rF:        It makes you vulnerable to fire.
   rCorr:     It protects you from acid and corrosion.
   Will:      It increases your willpower.
 h - a +0 pair of gloves (worn)
 p - the +1 helmet of Generosity {rCorr}
   (Okawaru gifted it to you in the Desolation of Salt)

   rCorr:     It protects you from acid and corrosion.
 w - the +0 pair of boots of Tunith (worn) {Rampage Dex+6}
   (Okawaru gifted it to you on level 13 of the Dungeon)

   Dex:       It affects your dexterity (+6).
   Rampage:   It bestows one free step when moving towards enemies.
 y - a +2 cloak (worn)
 B - the +10 tower shield of Ignorance (worn) {rN+ Int-4}
   (You found it in the Desolation of Salt)

   Int:       It affects your intelligence (-4).
   rN:        It protects you from negative energy.
 D - a +5 crystal plate armour (worn)
 L - the +4 scale mail of Parlour Games {rElec rCorr}
   (You found it in the Desolation of Salt)

   rElec:     It insulates you from electricity.
   rCorr:     It protects you from acid and corrosion.
Jewellery
 c - the amulet "Ijyc" {Reflect -Tele rPois Int+2 Slay+2 SH+5}
   (You found it on level 1 of the Vaults)

   [amulet of reflection]

   It reflects blocked missile attacks.
   Int:       It affects your intelligence (+2).
   Slay:      It affects your accuracy & damage with ranged weapons and melee
   (+2).
   rPois:     It protects you from poison.
   -Tele:     It prevents most forms of teleportation.
   SH:        It affects your SH (+5).
 e - a ring of protection from cold
 n - a +5 ring of evasion (left hand)
 s - a +6 ring of strength (right hand)
 x - an amulet of faith (around neck)
 z - a ring of protection from cold
 E - a ring of protection from fire
 F - an amulet of reflection
 G - a ring of resist corrosion
 H - a ring of protection from fire
 M - the amulet of Exhibitionism {Spirit Rampage Will++ MP+9}
   (You found it in the Desolation of Salt)

   [amulet of guardian spirit]

   It causes incoming damage to be divided between your reserves of health and
   magic.
   MP:        It affects your magic capacity (+9).
   Rampage:   It bestows one free step when moving towards enemies.
   Will:      It greatly increases your willpower.
 N - the amulet "Dyazir" {Acrobat SInv}
   (You found it in the Desolation of Salt)

   [amulet of the acrobat]

   It increases your evasion while moving and waiting.
   SInv:      It lets you see invisible.
 Y - the ring of Athruhue {*Slow rCorr MP+9 Str+6 Dex+3}
   (You found it on level 4 of the Dungeon)

   [ring of strength]

   Str:       It affects your strength (+6).
   Dex:       It affects your dexterity (+3).
   MP:        It affects your magic capacity (+9).
   rCorr:     It protects you from acid and corrosion.
   *Slow:     It may slow you when you take damage.
Scrolls
 g - 13 scrolls of teleportation
 o - 2 scrolls of brand weapon
 r - 5 scrolls of identify
Potions
 d - 4 potions of might
 f - 12 potions of curing
 j - 4 potions of haste
 k - 3 potions of cancellation
 l - 6 potions of lignification
 m - 3 potions of attraction
 q - 3 potions of enlightenment
 A - a potion of resistance
 I - 3 potions of heal wounds
 K - a potion of magic

Dungeon Overview and Level Annotations

Branches:
Dungeon (15/15)            Temple (1/1) D:7            Lair (5/5) D:10
  Swamp (3/4) Lair:2        Snake (4/4) Lair:3        Slime (0/5) Lair:5
    Orc (2/2) D:9             Elf (0/3) Orc:2        Vaults (4/5) D:14
  Crypt (0/3) Vaults:3     Depths (0/4) D:15        Desolation (visited)

Altars:
Ashenzari
Cheibriados
Dithmenos
Elyvilon
Fedhas
Gozag
Hepliaklqana
Kikubaaqudgha
Makhleb
Nemelex Xobeh
Okawaru
Qazlal
Ru
Sif Muna
Trog
Uskayaw
Vehumet
Wu Jian
Xom
Yredelemnul
Zin
The Shining One

Shops:
D:5 :   D:14 =   Orc:2 ?!=(   Vaults:1 (

Annotations:
D:9 2 transporters
Snake:2 5 transporters
Orc:1 1 runed translucent door, blexxed's ghost, journeyman DsFi
Vaults:2 3 runed translucent doors, qw's ghost, adept GrFi


Message History

You gain the combat prowess of a mighty hero.
You block the vault guard's attack.
You barely miss the vault guard.
The vault guard is heavily wounded.
You block the vault guard's attack.
You slice the vault guard!!
The vault guard is almost dead.
The vault guard hits you but does no damage.
The ironbound frostheart calls freezing cold from the walls.
The frost grips you!
You are encased in ice.
A vault warden comes into view. It is wielding a +0 great sword.
You slice the vault guard!!
You kill the vault guard!
Okawaru accepts your kill.
A great orb of eyes, an ironbound convoker and a vault guard come into view.
You block the ironbound frostheart's attack.
The vault warden activates a sealing rune.
You block the ironbound frostheart's attack.
Things that are here:
a +0 war axe; a +0 chain mail; a human corpse You slice the ironbound frostheart!!
The ironbound frostheart is heavily wounded.
You barely miss the great orb of eyes. You closely miss the vault warden.
You slash the ironbound frostheart!
The ironbound frostheart is severely wounded.
You hit the great orb of eyes. You barely miss the vault warden.
You block the vault guard's attack.
The ironbound convoker points at the vault guard and mumbles some strange words.
The vault guard seems to grow stronger.
The ironbound frostheart calls freezing cold from the walls.
The frost grips you!! You block the vault warden's attack.
The great orb of eyes barely misses you.
39617 ||| READING 14 scrolls of teleportation.
As you read the scroll of teleportation, it crumbles to dust.
You feel strangely unstable. The ice encasing you melts away.
You block the vault guard's attack. The ironbound frostheart touches you!
The ironbound frostheart freezes you!!
You die...

#... #...
#... #...
#... #...
#..G######+#.
#..p@........
#..p#########
#(pp #..^
#... #...
#... #...


You could see a vault warden, a vault guard (strong), a great orb of eyes, an
ironbound frostheart and an ironbound convoker.

Vanquished Creatures
  Margery (Vaults:3)
  Frederick (Vaults:2)
  Bai Suzhen (Vaults:2)
  Zenata (Vaults:3)
  2 quicksilver dragons (Snake:4)
  A sphinx (Vaults:3)
  A fire giant (Vaults:3)
  4 nagarajas (Snake:4)
  5 vault wardens
  Louise (Swamp:1)
  3 imperial myrmidons (Desolation)
  10 ironbound preservers
  Aizul (Swamp:1)
  3 war gargoyles
  2 angels (Vaults:1)
  3 ironbound thunderhulks
  6 eleionomae
  A vampire knight (Vaults:3)
  3 bunyips
  A halazid warlock (Desolation)
  12 dire elephants
  Snorg (D:9)
  7 yaktaur captains
  A deep elf high priest (Vaults:2)
  Josephine (D:14)
  A crystal guardian (Desolation)
  An entropy weaver (Vaults:3)
  4 shambling mangroves
  A fire dragon (D:15)
  11 ragged hierophants (Desolation)
  5 great orbs of eyes
  6 servants of whispers (Desolation)
  An ice dragon (D:15)
  8 hydras
  5 salamander tyrants
  5 vault guards
  10 anacondas
  5 peacekeepers (Desolation)
  3 catoblepae
  9 ironbound frosthearts
  7 centaur warriors
  A ghost crab (Swamp:3)
  2 dancing weapons (D:14)
  2 two-headed ogres
  3 alligators
  14 naga warriors
  A tengu warrior (D:15)
  4 death yaks
  An orc high priest (Orc:2)
  3 boulder beetles
  13 naga sharpshooters
  11 shock serpents
  Urug (Orc:1)
  6 hell knights (Vaults:3)
  3 skysharks
  7 goliath frogs
  2 salamander mystics (Snake:3)
  39 deep trolls
  4 bog bodies
  5 swamp dragons
  3 naga ritualists (Snake:2)
  5 spriggan druids
  4 wizards (Vaults:3)
  A glowing orange brain (Vaults:3)
  7 lindwurms
  20 ugly things
  An orc knight (D:15)
  19 ironbound convokers
  4 mana vipers
  7 orc sorcerers
  2 necromancers (Vaults:3)
  6 cyclopes
  2 manticores (D:14)
  3 will-o-the-wisps (Swamp:2)
  9 salamanders
  A stone giant zombie (Vaults:3)
  6 elephants
  9 vault sentinels
  4 torpor snails
  13 guardian serpents
  11 naga magi
  A molten gargoyle (Desolation)
  36 black mambas
  23 cane toads
  6 gargoyles
  An unseen horror (D:11)
  10 komodo dragons
  5 rime drakes
  A tengu conjurer (D:15)
  2 efreet
  15 yaktaurs
  8 trolls
  A polar bear (Lair:5)
  A bloated husk (Swamp:2)
  12 tyrant leeches
  11 hornets
  17 blink frogs
  59 saltlings (Desolation)
  A tarantella (Vaults:3)
  9 dream sheep
  A culicivora (Vaults:3)
  8 spriggans
  26 slime creatures
  4 wyverns
  A centaur simulacrum (D:14)
  4 vampires
  78 yaks
  7 wraiths
  3 shadows
  Grum (D:9)
  2 basilisks
  14 vampire mosquitoes
  A steam dragon (D:8)
  A redback (Vaults:3)
  36 nagas
  A warg (Orc:1)
  13 swamp worms
  2 acid dragons
  15 water moccasins
  14 orc warriors
  2 swamp drakes
  2 black bears
  An ettin simulacrum (Vaults:3)
  A boggart (Vaults:2)
  2 ogres (Orc:2)
  10 wolves
  8 centaurs
  A human skeleton (Vaults:3)
  9 kobold brigands
  4 phantoms
  17 bullfrogs
  8 scorpions
  11 wights
  20 killer bees
  A troll zombie (D:9)
  4 howler monkeys
  2 electric eels (D:10)
  3 lava snakes (Lair:3)
  2 jellies (D:5)
  5 hounds
  22 orc priests
  A gnoll bouda (D:7)
  2 iguanas (D:4)
  30 orc wizards
  7 hell rats (Lair:1)
  2 sleepcaps
  7 ogre zombies (D:9)
  11 gnolls
  13 adders
  7 river rats (Lair:1)
  2 white imps
  2 ufetubi (D:5)
  6 worms
  2 dart slugs
  31 orcs
  7 ball pythons
  7 bats
  9 endoplasms
  4 giant cockroaches
  6 goblins
  13 hobgoblins
  2 jackals (D:2)
  7 quokkas
  4 frilled lizards
  2 goblin zombies (D:9)
  2 hobgoblin skeletons (D:9)
  A hobgoblin zombie (D:9)
  25 kobolds
  6 orc skeletons (D:9)
  14 orc zombies (D:9)
  22 rats
  A fire vortex (Lair:3)
1255 creatures vanquished.

Vanquished Creatures (others)
  5 bloated husks
  A swamp worm (Swamp:1)
  A naga (Snake:2)
  16 foxfires (Swamp:2)
  48 spectral weapons
71 creatures vanquished.

Grand Total: 1326 creatures vanquished

Notes
Turn   | Place    | Note
-------+----------+-------------------------------------------
     0 | D:1      | qw the Gargoyle Fighter began the quest for the Orb.
     0 | D:1      | Reached XP level 1. HP: 14/14 MP: 1/1
     0 | D:1      | 0 ||| qw: Version: 0.3-a-24-ga2abf7b
     0 | D:1      | 0 ||| qw: Game counter: 6946
     0 | D:1      | 0 ||| qw: Melee chars always use a shield: true
     0 | D:1      | 0 ||| qw: God list: Okawaru
     0 | D:1      | 0 ||| qw: Allow faded altars: false
     0 | D:1      | 0 ||| qw: Do Orc after clearing Dungeon:15 true
     0 | D:1      | 0 ||| qw: Do second Lair branch before Depths: true
     0 | D:1      | 0 ||| qw: Lair rune preference: random
     0 | D:1      | 0 ||| qw: Goals: Normal, Zot:1-4, Slime:5, God:TSO, Crypt,
                  | Tomb, Abyss, Pan, Hells, Win
     0 | D:1      | 0 ||| PLANNING D:1-11
   128 | D:1      | Reached XP level 2. HP: 11/19 MP: 2/2
   345 | D:1      | Reached skill level 3 in Axes
   370 | D:1      | Reached XP level 3. HP: 23/23 MP: 3/3
   555 | D:1      | 555 ||| DROPPING +0 club.
   767 | D:1      | 767 ||| UPGRADING to +0 pair of gloves.
   772 | D:1      | 772 ||| READING scroll labelled BEDA CIOKHLUREUFUE.
  1029 | D:2      | Reached XP level 4. HP: 24/28 MP: 4/4
  1869 | D:2      | 1869 ||| UPGRADING to +0 plate armour.
  1879 | D:2      | 1879 ||| DROPPING +0 scale mail.
  1880 | D:2      | 1880 ||| READING scroll labelled PEL AMOFFOST.
  1881 | D:2      | 1881 ||| READING 2 scrolls labelled SIOBRO FUPYICS.
  1884 | D:2      | 1884 ||| READING scroll labelled MEOTRUECAPH.
  1884 | D:2      | Identified a scroll of acquirement
  1884 | D:2      | 1884 ||| ACQUIRING +2 hat of the Gloaming {rF- Will+ rCorr}
  1884 | D:2      | Acquired the +2 hat of the Gloaming {rF- Will+ rCorr}
  1886 | D:2      | 1886 ||| UPGRADING to +2 hat of the Gloaming {rF- Will+
                  | rCorr}.
  2052 | D:3      | 2052 ||| Stepping ~*~*~tactically~*~*~ (hiding).
  2056 | D:3      | 2056 ||| Stepping ~*~*~tactically~*~*~ (hiding).
  2057 | D:3      | 2057 ||| Stepping ~*~*~tactically~*~*~ (hiding).
  2120 | D:3      | 2120 ||| Stepping ~*~*~tactically~*~*~ (stealth).
  2266 | D:3      | Reached XP level 5. HP: 26/32 MP: 5/5
  2721 | D:3      | 2721 ||| Stepping ~*~*~tactically~*~*~ (stealth).
  2881 | D:3      | 2881 ||| READING scroll labelled ENLIDGH CUAPT.
  2882 | D:3      | 2882 ||| DRINKING 2 cyan potions.
  2883 | D:3      | 2883 ||| DRINKING 2 murky yellow potions.
  2985 | D:4      | 2985 ||| Stepping ~*~*~tactically~*~*~ (hiding).
  3007 | D:4      | Identified the +5 mace of the Eternal Void {flame, rC+
                  | Will+ rCorr Str-2}
  3054 | D:4      | 3054 ||| Stepping ~*~*~tactically~*~*~ (stealth).
  3092 | D:4      | Identified the ring of Athruhue {*Slow rCorr MP+9 Str+6
                  | Dex+3}
  3107 | D:4      | Reached XP level 6. HP: 33/39 MP: 6/6
  3185 | D:4      | 3185 ||| Stepping ~*~*~tactically~*~*~ (stealth).
  3186 | D:4      | 3186 ||| Stepping ~*~*~tactically~*~*~ (stealth).
  3433 | D:4      | 3433 ||| Stepping ~*~*~tactically~*~*~ (stealth).
  3837 | D:4      | 3837 ||| SWAPPING to +0 broad axe.
  3838 | D:4      | 3838 ||| DROPPING +0 war axe.
  3839 | D:4      | 3839 ||| UPGRADING to ring of Athruhue {*Slow rCorr MP+9
                  | Str+6 Dex+3}.
  3904 | D:4      | 3904 ||| UPGRADING to +6 ring of strength.
  3905 | D:4      | 3905 ||| READING scroll labelled URI EVVECZULUZAPUO.
  3906 | D:4      | 3906 ||| READING scroll labelled SOLLIP BUGRIC.
  3907 | D:4      | 3907 ||| READING scroll labelled HEFAHAFFAZ.
  3936 | D:5      | Entered Level 5 of the Dungeon
  3948 | D:5      | Reached XP level 7. HP: 42/44 MP: 7/7
  3981 | D:5      | Found Dighock's Book Emporium.
  3992 | D:5      | Reached skill level 1 in Dodging
  4006 | D:5      | Reached skill level 6 in Axes
  4223 | D:5      | 4223 ||| Stepping ~*~*~tactically~*~*~ (hiding).
  4570 | D:5      | Reached XP level 8. HP: 47/50 MP: 8/8
  4702 | D:5      | 4702 ||| DROPPING amulet of magic regeneration.
  4703 | D:5      | 4703 ||| READING scroll labelled ACIEGE NULOSM.
  4704 | D:5      | 4704 ||| READING scroll labelled NIUMIE ATIPISOM.
  4705 | D:5      | 4705 ||| READING scroll labelled SAOKIOBLUI.
  4706 | D:5      | 4706 ||| DRINKING 2 murky emerald potions.
  4707 | D:5      | 4707 ||| READING 4 scrolls of identify.
  4707 | D:5      | 4707 ||| IDENTIFYING brown potion
  4708 | D:5      | 4708 ||| READING 3 scrolls of identify.
  4708 | D:5      | 4708 ||| IDENTIFYING fuming purple potion
  4709 | D:5      | 4709 ||| READING 2 scrolls of identify.
  4709 | D:5      | 4709 ||| IDENTIFYING grey potion
  4710 | D:5      | 4710 ||| DROPPING potion of invisibility.
  4789 | D:6      | 4789 ||| Stepping ~*~*~tactically~*~*~ (stealth).
  4981 | D:6      | Reached skill level 1 in Throwing
  5013 | D:6      | 5013 ||| Stepping ~*~*~tactically~*~*~ (stealth).
  5289 | D:6      | Reached skill level 6 in Fighting
  5693 | D:7      | 5693 ||| STAIRDANCE
  5696 | D:6      | Reached XP level 9. HP: 37/55 MP: 9/9
  5704 | D:6      | Reached skill level 9 in Axes
  5782 | D:7      | 5782 ||| Stepping ~*~*~tactically~*~*~ (hiding).
  5783 | D:7      | 5783 ||| Stepping ~*~*~tactically~*~*~ (hiding).
  5784 | D:7      | 5784 ||| Stepping ~*~*~tactically~*~*~ (hiding).
  5899 | D:7      | Found an ancient bone altar of Kikubaaqudgha.
  5964 | D:7      | Found a staircase to the Ecumenical Temple.
  5965 | D:7      | 5965 ||| PLANNING TEMPLE
  5970 | Temple   | Entered the Ecumenical Temple
  5970 | Temple   | Noticed a Brimstone Fiend
  5970 | Temple   | Noticed a hell beast
  5970 | Temple   | Noticed a sixfirhy
  5971 | Temple   | Noticed Foodick the pandemonium lord
  5971 | Temple   | Noticed Poruosch the pandemonium lord
  5972 | Temple   | Noticed a smoke demon
  5991 | Temple   | 5991 ||| PLANNING OKAWARU WORSHIP
  6001 | Temple   | Noticed Azxe Gui the pandemonium lord
  6001 | Temple   | Noticed a Brimstone Fiend
  6019 | Temple   | Noticed Sausi the pandemonium lord
  6027 | Temple   | Noticed an Executioner
  6032 | Temple   | Noticed Xeikausm the pandemonium lord
  6032 | Temple   | Noticed a smoke demon
  6046 | Temple   | Noticed a sixfirhy
  6048 | Temple   | Noticed Wookuuburr the pandemonium lord
  6048 | Temple   | Noticed a reaper
  6093 | Temple   | Became a worshipper of Warmaster Okawaru
  6094 | Temple   | 6094 ||| PLANNING D:1-11
  6121 | D:7      | 6121 ||| READING scroll of enchant weapon.
  6121 | D:7      | 6121 ||| ENCHANTING +1 spectral broad axe.
  6498 | D:7      | Noticed an efreet
  6502 | D:7      | Killed an efreet
  6797 | D:7      | 6797 ||| Stepping ~*~*~tactically~*~*~ (stealth).
  6806 | D:7      | 6806 ||| Stepping ~*~*~tactically~*~*~ (stealth).
  6807 | D:7      | 6807 ||| Stepping ~*~*~tactically~*~*~ (hiding).
  6808 | D:7      | 6808 ||| Stepping ~*~*~tactically~*~*~ (hiding).
  6809 | D:7      | 6809 ||| Stepping ~*~*~tactically~*~*~ (hiding).
  6810 | D:7      | 6810 ||| Stepping ~*~*~tactically~*~*~ (hiding).
  6811 | D:7      | 6811 ||| Stepping ~*~*~tactically~*~*~ (hiding).
  6812 | D:7      | 6812 ||| Stepping ~*~*~tactically~*~*~ (hiding).
  6917 | D:7      | 6917 ||| READING scroll labelled DIUDAVE GUTOOH.
  6918 | D:7      | 6918 ||| READING 2 scrolls of identify.
  6918 | D:7      | 6918 ||| IDENTIFYING clear potion
  7059 | D:8      | 7059 ||| Stepping ~*~*~tactically~*~*~ (hiding).
  7060 | D:8      | 7060 ||| Stepping ~*~*~tactically~*~*~ (hiding).
  7063 | D:8      | Reached * piety under Okawaru
  7171 | D:8      | Reached skill level 1 in Invocations
  7230 | D:8      | 7230 ||| Stepping ~*~*~tactically~*~*~ (hiding).
  7231 | D:8      | 7231 ||| Stepping ~*~*~tactically~*~*~ (hiding).
  7509 | D:8      | 7509 ||| Stepping ~*~*~tactically~*~*~ (stealth).
  7511 | D:8      | 7511 ||| Stepping ~*~*~tactically~*~*~ (hiding).
  7512 | D:8      | 7512 ||| Stepping ~*~*~tactically~*~*~ (hiding).
  7517 | D:8      | 7517 ||| INVOKING Heroism.
  7521 | D:8      | 7521 ||| Stepping ~*~*~tactically~*~*~ (stealth).
  7522 | D:8      | 7522 ||| Stepping ~*~*~tactically~*~*~ (stealth).
  7537 | D:8      | 7537 ||| FLEEEEING.
  7542 | D:8      | 7542 ||| INVOKING Heroism.
  7622 | D:8      | 7622 ||| Stepping ~*~*~tactically~*~*~ (stealth).
  7624 | D:8      | 7624 ||| Stepping ~*~*~tactically~*~*~ (hiding).
  7636 | D:8      | Reached skill level 3 in Invocations
  7636 | D:8      | Reached XP level 10. HP: 58/63 MP: 12/12
  7653 | D:8      | 7653 ||| Stepping ~*~*~tactically~*~*~ (hiding).
  7654 | D:8      | 7654 ||| Stepping ~*~*~tactically~*~*~ (hiding).
  7655 | D:8      | 7655 ||| Stepping ~*~*~tactically~*~*~ (hiding).
  7656 | D:8      | 7656 ||| Stepping ~*~*~tactically~*~*~ (hiding).
  7657 | D:8      | 7657 ||| Stepping ~*~*~tactically~*~*~ (hiding).
  7658 | D:8      | 7658 ||| Stepping ~*~*~tactically~*~*~ (hiding).
  7670 | D:8      | 7670 ||| Stepping ~*~*~tactically~*~*~ (stealth).
  7751 | D:8      | 7751 ||| READING scroll of enchant weapon.
  7751 | D:8      | 7751 ||| ENCHANTING +2 spectral broad axe.
  7849 | D:8      | 7849 ||| UPGRADING to +2 cloak.
  7854 | D:8      | 7854 ||| READING 3 scrolls labelled ABAOTI QICAFAY.
  7855 | D:8      | 7855 ||| DROPPING 2 scrolls of fog.
  7888 | D:9      | Reached skill level 6 in Armour
  7970 | D:9      | Found a staircase to the Orcish Mines.
  7999 | D:9      | 7999 ||| Stepping ~*~*~tactically~*~*~ (stealth).
  8001 | D:9      | 8001 ||| Stepping ~*~*~tactically~*~*~ (stealth).
  8004 | D:9      | 8004 ||| Stepping ~*~*~tactically~*~*~ (stealth).
  8053 | D:9      | Noticed a flayed ghost
  8054 | D:9      | Found a transporter.
  8054 | D:9      | Noticed a seven-headed hydra
  8057 | D:9      | Noticed a boulder beetle
  8057 | D:9      | Noticed an orc knight
  8057 | D:9      | Noticed a boulder beetle
  8059 | D:9      | Found a transporter.
  8418 | D:9      | Reached ** piety under Okawaru
  8504 | D:9      | Noticed Grum
  8505 | D:9      | 8505 ||| Stepping ~*~*~tactically~*~*~ (hiding).
  8510 | D:9      | 8510 ||| INVOKING Heroism.
  8527 | D:9      | Killed Grum
  8641 | D:9      | Noticed a two-headed ogre
  8642 | D:9      | 8642 ||| INVOKING Heroism.
  8644 | D:9      | Killed a two-headed ogre
  8644 | D:9      | Reached *** piety under Okawaru
  8679 | D:10     | Entered Level 10 of the Dungeon
  8745 | D:10     | 8745 ||| Stepping ~*~*~tactically~*~*~ (stealth).
  8756 | D:10     | 8756 ||| INVOKING Heroism.
  8769 | D:10     | 8769 ||| Stepping ~*~*~tactically~*~*~ (hiding).
  8776 | D:10     | 8776 ||| INVOKING Heroism.
  8794 | D:10     | Reached XP level 11. HP: 69/69 MP: 14/14
  8810 | D:10     | Reached skill level 9 in Fighting
  8816 | D:10     | Reached **** piety under Okawaru
  9062 | D:10     | Found a staircase to the Lair.
  9079 | D:10     | 9079 ||| Stepping ~*~*~tactically~*~*~ (stealth).
  9081 | D:10     | 9081 ||| Stepping ~*~*~tactically~*~*~ (stealth).
  9089 | D:10     | 9089 ||| Stepping ~*~*~tactically~*~*~ (hiding).
  9149 | D:10     | Reached ***** piety under Okawaru
  9157 | D:10     | Reached skill level 12 in Axes
  9157 | D:10     | Reached skill level 6 in Invocations
  9305 | D:10     | 9305 ||| INVOKING Heroism.
  9306 | D:10     | 9306 ||| READING scroll labelled MAF ELAKKO.
  9321 | D:10     | 9321 ||| INVOKING Heroism.
  9492 | D:10     | 9492 ||| Stepping ~*~*~tactically~*~*~ (stealth).
  9780 | D:10     | 9780 ||| PLANNING LAIR
  9786 | Lair:1   | Entered Level 1 of the Lair of Beasts
 10009 | Lair:1   | 10009 ||| INVOKING Heroism.
 10094 | Lair:1   | 10094 ||| Stepping ~*~*~tactically~*~*~ (stealth).
 10098 | Lair:1   | 10098 ||| Stepping ~*~*~tactically~*~*~ (stealth).
 10099 | Lair:1   | 10099 ||| INVOKING Heroism.
 10106 | Lair:1   | Reached skill level 6 in Shields
 10161 | Lair:1   | 10161 ||| Stepping ~*~*~tactically~*~*~ (stealth).
 10193 | Lair:1   | 10193 ||| INVOKING Heroism.
 10202 | Lair:1   | Reached XP level 12. HP: 76/76 MP: 18/18
 10227 | Lair:1   | 10227 ||| FLEEEEING.
 10250 | Lair:1   | Reached skill level 3 in Dodging
 10438 | Lair:1   | 10438 ||| INVOKING Heroism.
 10759 | Lair:1   | 10759 ||| READING scroll labelled RAZERA RUUCS.
 10808 | Lair:1   | 10808 ||| DRINKING 2 fizzy blue potions.
 10809 | Lair:1   | 10809 ||| DRINKING 4 potions of curing.
 10809 | Lair:1   | 10809 ||| (to cure confusion)
 10810 | Lair:1   | 10810 ||| READING 2 scrolls of identify.
 10810 | Lair:1   | 10810 ||| IDENTIFYING fuming clear potion
 10811 | Lair:1   | 10811 ||| DROPPING potion of ambrosia.
 10846 | Lair:2   | Received a gift from Okawaru
 10929 | Lair:2   | Noticed a seven-headed hydra
 10930 | Lair:2   | 10930 ||| INVOKING Heroism.
 10931 | Lair:2   | 10931 ||| INVOKING Finesse.
 10934 | Lair:2   | Killed a seven-headed hydra
 11017 | Lair:2   | 11017 ||| INVOKING Heroism.
 11023 | Lair:2   | Reached skill level 3 in Throwing
 11023 | Lair:2   | Reached skill level 9 in Invocations
 11048 | Lair:2   | 11048 ||| READING scroll of acquirement.
 11048 | Lair:2   | 11048 ||| ACQUIRING +4 heavy broad axe
 11048 | Lair:2   | Acquired a +4 heavy broad axe
 11065 | Lair:2   | Found a staircase to the Swamp.
 11070 | Lair:2   | Received a gift from Okawaru
 11089 | Lair:2   | 11089 ||| Stepping ~*~*~tactically~*~*~ (stealth).
 11090 | Lair:2   | 11090 ||| Stepping ~*~*~tactically~*~*~ (stealth).
 11275 | Lair:2   | 11275 ||| INVOKING Heroism.
 11282 | Lair:2   | Received a gift from Okawaru
 11342 | Lair:2   | 11342 ||| INVOKING Heroism.
 11445 | Lair:2   | 11445 ||| INVOKING Heroism.
 11519 | Lair:2   | 11519 ||| DROPPING +0 flail.
 11881 | Lair:2   | 11881 ||| DROPPING ring of flight.
 11882 | Lair:2   | 11882 ||| READING 2 scrolls of identify.
 11882 | Lair:2   | 11882 ||| IDENTIFYING dark potion
 11883 | Lair:2   | 11883 ||| DROPPING potion of brilliance.
 11918 | Lair:3   | 11918 ||| Stepping ~*~*~tactically~*~*~ (stealth).
 11921 | Lair:3   | 11921 ||| Stepping ~*~*~tactically~*~*~ (stealth).
 11941 | Lair:3   | 11941 ||| Stepping ~*~*~tactically~*~*~ (stealth).
 11942 | Lair:3   | 11942 ||| Stepping ~*~*~tactically~*~*~ (stealth).
 11955 | Lair:3   | Identified the +0 robe of Lokext {Fly Will++ Slay-3 Stlth+}
                  | (Okawaru gifted it to you on level 3 of the Lair of Beasts)
 11955 | Lair:3   | Received a gift from Okawaru
 12010 | Lair:3   | 12010 ||| Stepping ~*~*~tactically~*~*~ (hiding).
 12130 | Lair:3   | 12130 ||| INVOKING Heroism.
 12134 | Lair:3   | Reached XP level 13. HP: 82/82 MP: 20/20
 12277 | Lair:3   | 12277 ||| INVOKING Heroism.
 12278 | Lair:3   | 12278 ||| INVOKING Finesse.
 12317 | Lair:3   | 12317 ||| Stepping ~*~*~tactically~*~*~ (stealth).
 12379 | Lair:3   | 12379 ||| INVOKING Heroism.
 12383 | Lair:3   | Reached skill level 9 in Armour
 12467 | Lair:3   | 12467 ||| INVOKING Heroism.
 12583 | Lair:3   | Found a dark tunnel.
 12784 | Lair:3   | Found a staircase to the Snake Pit.
 12791 | Lair:3   | 12791 ||| INVOKING Heroism.
 13085 | Lair:4   | 13085 ||| INVOKING Heroism.
 13086 | Lair:4   | 13086 ||| Stepping ~*~*~tactically~*~*~ (hiding).
 13087 | Lair:4   | 13087 ||| Stepping ~*~*~tactically~*~*~ (hiding).
 13088 | Lair:4   | 13088 ||| Stepping ~*~*~tactically~*~*~ (hiding).
 13089 | Lair:4   | 13089 ||| Stepping ~*~*~tactically~*~*~ (hiding).
 13119 | Lair:4   | 13119 ||| INVOKING Heroism.
 13290 | Lair:4   | 13290 ||| INVOKING Heroism.
 13295 | Lair:4   | 13295 ||| Stepping ~*~*~tactically~*~*~ (stealth).
 13300 | Lair:4   | 13300 ||| Stepping ~*~*~tactically~*~*~ (stealth).
 13313 | Lair:4   | 13313 ||| Stepping ~*~*~tactically~*~*~ (stealth).
 13315 | Lair:4   | 13315 ||| Stepping ~*~*~tactically~*~*~ (stealth).
 13319 | Lair:4   | 13319 ||| Stepping ~*~*~tactically~*~*~ (stealth).
 13320 | Lair:4   | 13320 ||| Stepping ~*~*~tactically~*~*~ (stealth).
 13333 | Lair:4   | Received a gift from Okawaru
 13360 | Lair:4   | 13360 ||| Stepping ~*~*~tactically~*~*~ (stealth).
 13369 | Lair:4   | 13369 ||| Stepping ~*~*~tactically~*~*~ (stealth).
 13370 | Lair:4   | 13370 ||| Stepping ~*~*~tactically~*~*~ (stealth).
 13377 | Lair:4   | 13377 ||| FLEEEEING.
 13378 | Lair:4   | 13378 ||| FLEEEEING.
 13379 | Lair:4   | 13379 ||| FLEEEEING.
 13380 | Lair:4   | 13380 ||| FLEEEEING.
 13381 | Lair:4   | 13381 ||| FLEEEEING.
 13382 | Lair:4   | 13382 ||| FLEEEEING.
 13384 | Lair:4   | 13384 ||| FLEEEEING.
 13385 | Lair:4   | 13385 ||| FLEEEEING.
 13386 | Lair:4   | 13386 ||| FLEEEEING.
 13387 | Lair:4   | 13387 ||| FLEEEEING.
 13388 | Lair:4   | 13388 ||| FLEEEEING.
 13389 | Lair:4   | 13389 ||| FLEEEEING.
 13390 | Lair:4   | 13390 ||| FLEEEEING.
 13391 | Lair:4   | 13391 ||| FLEEEEING.
 13392 | Lair:4   | 13392 ||| FLEEEEING.
 13393 | Lair:4   | 13393 ||| FLEEEEING.
 13394 | Lair:4   | 13394 ||| FLEEEEING.
 13395 | Lair:4   | 13395 ||| FLEEEEING.
 13396 | Lair:4   | 13396 ||| STAIRDANCE
 13440 | Lair:4   | Received a gift from Okawaru
 13441 | Lair:4   | 13441 ||| STAIRDANCE
 13633 | Lair:4   | 13633 ||| INVOKING Heroism.
 13637 | Lair:4   | Received a gift from Okawaru
 14240 | Lair:4   | 14240 ||| READING 2 scrolls of identify.
 14240 | Lair:4   | 14240 ||| IDENTIFYING glowing amethyst potion
 14241 | Lair:4   | 14241 ||| DROPPING potion of degeneration.
 14252 | Lair:5   | Entered Level 5 of the Lair of Beasts
 14253 | Lair:5   | 14253 ||| INVOKING Heroism.
 14274 | Lair:5   | Gained mutation: Your large and strong wings let you fly.
                  | [Gargoyle growth]
 14274 | Lair:5   | Reached XP level 14. HP: 90/90 MP: 21/21
 14317 | Lair:5   | 14317 ||| Stepping ~*~*~tactically~*~*~ (stealth).
 14321 | Lair:5   | Received a gift from Okawaru
 14328 | Lair:5   | 14328 ||| INVOKING Heroism.
 14433 | Lair:5   | 14433 ||| Stepping ~*~*~tactically~*~*~ (stealth).
 14441 | Lair:5   | Reached skill level 15 in Axes
 14447 | Lair:5   | 14447 ||| INVOKING Heroism.
 14465 | Lair:5   | 14465 ||| Stepping ~*~*~tactically~*~*~ (stealth).
 14482 | Lair:5   | 14482 ||| INVOKING Heroism.
 14509 | Lair:5   | 14509 ||| Stepping ~*~*~tactically~*~*~ (stealth).
 14510 | Lair:5   | 14510 ||| Stepping ~*~*~tactically~*~*~ (stealth).
 14511 | Lair:5   | 14511 ||| INVOKING Finesse.
 14523 | Lair:5   | Reached skill level 12 in Fighting
 14529 | Lair:5   | 14529 ||| INVOKING Heroism.
 14619 | Lair:5   | 14619 ||| Stepping ~*~*~tactically~*~*~ (stealth).
 14680 | Lair:5   | 14680 ||| Stepping ~*~*~tactically~*~*~ (stealth).
 14690 | Lair:5   | 14690 ||| Stepping ~*~*~tactically~*~*~ (stealth).
 14691 | Lair:5   | 14691 ||| Stepping ~*~*~tactically~*~*~ (stealth).
 14725 | Lair:5   | 14725 ||| Stepping ~*~*~tactically~*~*~ (stealth).
 14817 | Lair:5   | 14817 ||| INVOKING Heroism.
 14886 | Lair:5   | 14886 ||| Stepping ~*~*~tactically~*~*~ (stealth).
 15010 | Lair:5   | Received a gift from Okawaru
 15249 | Lair:5   | Found a staircase to the Slime Pits.
 15484 | Lair:5   | 15484 ||| PLANNING D:1-11
 15484 | Lair:5   | 15484 ||| READING scroll labelled VAOLO YHAWETA.
 15646 | D:11     | 15646 ||| INVOKING Heroism.
 15647 | D:11     | 15647 ||| INVOKING Finesse.
 15741 | D:11     | 15741 ||| Stepping ~*~*~tactically~*~*~ (stealth).
 15814 | D:11     | 15814 ||| READING scroll of enchant weapon.
 15814 | D:11     | 15814 ||| ENCHANTING +3 spectral broad axe.
 15815 | D:11     | 15815 ||| DROPPING +4 heavy broad axe.
 15819 | D:11     | 15819 ||| Stepping ~*~*~tactically~*~*~ (hiding).
 15828 | D:11     | 15828 ||| Stepping ~*~*~tactically~*~*~ (hiding).
 15972 | D:11     | 15972 ||| Stepping ~*~*~tactically~*~*~ (stealth).
 15973 | D:11     | 15973 ||| Stepping ~*~*~tactically~*~*~ (stealth).
 15974 | D:11     | 15974 ||| Stepping ~*~*~tactically~*~*~ (stealth).
 16325 | D:11     | 16325 ||| PLANNING D
 16325 | D:11     | 16325 ||| READING scroll labelled OVOAK NOITIUN.
 16326 | D:11     | 16326 ||| READING 2 scrolls of identify.
 16326 | D:11     | 16326 ||| IDENTIFYING bubbling red potion
 16435 | D:12     | 16435 ||| Stepping ~*~*~tactically~*~*~ (hiding).
 16557 | D:12     | 16557 ||| INVOKING Heroism.
 16558 | D:12     | 16558 ||| SWAPPING to +0 morningstar.
 16559 | D:12     | 16559 ||| INVOKING Finesse.
 16566 | D:12     | 16566 ||| SWAPPING to +4 spectral broad axe.
 16632 | D:12     | 16632 ||| Stepping ~*~*~tactically~*~*~ (hiding).
 16633 | D:12     | 16633 ||| Stepping ~*~*~tactically~*~*~ (hiding).
 16634 | D:12     | 16634 ||| Stepping ~*~*~tactically~*~*~ (hiding).
 16746 | D:12     | 16746 ||| Stepping ~*~*~tactically~*~*~ (hiding).
 16749 | D:12     | 16749 ||| Stepping ~*~*~tactically~*~*~ (hiding).
 16751 | D:12     | 16751 ||| INVOKING Heroism.
 16870 | D:12     | Got the +6 eveningstar of the Flying Stork {heavy, rN+
                  | rCorr}
 16871 | D:12     | 16871 ||| DROPPING +0 morningstar.
 16899 | D:12     | 16899 ||| Stepping ~*~*~tactically~*~*~ (stealth).
 16920 | D:12     | 16920 ||| Stepping ~*~*~tactically~*~*~ (stealth).
 16945 | D:12     | 16945 ||| FLEEEEING.
 16946 | D:12     | 16946 ||| FLEEEEING.
 16952 | D:12     | 16952 ||| FLEEEEING.
 16954 | D:12     | 16954 ||| FLEEEEING.
 16958 | D:12     | 16958 ||| FLEEEEING.
 16959 | D:12     | 16959 ||| FLEEEEING.
 16960 | D:12     | 16960 ||| FLEEEEING.
 16961 | D:12     | 16961 ||| FLEEEEING.
 16962 | D:12     | 16962 ||| FLEEEEING.
 16963 | D:12     | 16963 ||| FLEEEEING.
 16964 | D:12     | 16964 ||| FLEEEEING.
 16965 | D:12     | 16965 ||| FLEEEEING.
 16966 | D:12     | 16966 ||| FLEEEEING.
 16970 | D:12     | 16970 ||| FLEEEEING.
 16974 | D:12     | 16974 ||| INVOKING Heroism.
 16977 | D:12     | Reached XP level 15. HP: 45/96 MP: 22/22
 16977 | D:12     | 16977 ||| FLEEEEING.
 16978 | D:12     | 16978 ||| FLEEEEING.
 16980 | D:12     | 16980 ||| FLEEEEING.
 16981 | D:12     | 16981 ||| FLEEEEING.
 16982 | D:12     | 16982 ||| STAIRDANCE
 17118 | D:11     | 17118 ||| UPGRADING to +0 crystal plate armour.
 17128 | D:11     | 17128 ||| DROPPING +0 plate armour.
 17473 | D:12     | 17473 ||| UPGRADING to +2 helmet.
 17669 | D:13     | Found a blossoming altar of Fedhas.
 17690 | D:13     | 17690 ||| Stepping ~*~*~tactically~*~*~ (hiding).
 17731 | D:13     | 17731 ||| Stepping ~*~*~tactically~*~*~ (stealth).
 17738 | D:13     | Identified the +0 pair of boots of Tunith {Rampage Dex+6}
                  | (Okawaru gifted it to you on level 13 of the Dungeon)
 17738 | D:13     | Received a gift from Okawaru
 17770 | D:13     | 17770 ||| Stepping ~*~*~tactically~*~*~ (stealth).
 17773 | D:13     | 17773 ||| Stepping ~*~*~tactically~*~*~ (stealth).
 17774 | D:13     | 17774 ||| Stepping ~*~*~tactically~*~*~ (stealth).
 17825 | D:13     | 17825 ||| READING scroll of enchant armour.
 17825 | D:13     | 17825 ||| ENCHANTING +0 crystal plate armour.
 17852 | D:13     | 17852 ||| INVOKING Heroism.
 17854 | D:13     | 17854 ||| SWAPPING to +6 eveningstar of the Flying Stork
                  | {heavy, rN+ rCorr}.
 17855 | D:13     | 17855 ||| INVOKING Finesse.
 17860 | D:13     | 17860 ||| SWAPPING to +4 spectral broad axe.
 17959 | D:13     | 17959 ||| Stepping ~*~*~tactically~*~*~ (hiding).
 18067 | D:13     | 18067 ||| INVOKING Heroism.
 18068 | D:13     | 18068 ||| INVOKING Finesse.
 18072 | D:13     | 18072 ||| SWAPPING to +6 eveningstar of the Flying Stork
                  | {heavy, rN+ rCorr}.
 18075 | D:13     | 18075 ||| SWAPPING to +4 spectral broad axe.
 18471 | D:13     | 18471 ||| UPGRADING to +0 pair of boots of Tunith {Rampage
                  | Dex+6}.
 18476 | D:13     | 18476 ||| UPGRADING to amulet of reflection.
 18481 | D:13     | 18481 ||| READING 3 scrolls of identify.
 18481 | D:13     | 18481 ||| IDENTIFYING sedimented red potion
 18482 | D:13     | 18482 ||| READING 2 scrolls of identify.
 18482 | D:13     | 18482 ||| IDENTIFYING smoky sapphire potion
 18483 | D:13     | 18483 ||| DROPPING potion of berserk rage.
 18529 | D:14     | 18529 ||| Stepping ~*~*~tactically~*~*~ (stealth).
 18531 | D:14     | 18531 ||| Stepping ~*~*~tactically~*~*~ (hiding).
 18540 | D:14     | Reached skill level 12 in Armour
 18548 | D:14     | 18548 ||| Stepping ~*~*~tactically~*~*~ (stealth).
 18550 | D:14     | 18550 ||| Stepping ~*~*~tactically~*~*~ (hiding).
 18686 | D:14     | 18686 ||| Stepping ~*~*~tactically~*~*~ (stealth).
 18690 | D:14     | 18690 ||| Stepping ~*~*~tactically~*~*~ (stealth).
 18698 | D:14     | Noticed Josephine
 18752 | D:14     | Killed Josephine
 18756 | D:14     | 18756 ||| INVOKING Heroism.
 18877 | D:14     | Found a gate to the Vaults.
 18889 | D:14     | 18889 ||| Stepping ~*~*~tactically~*~*~ (hiding).
 18939 | D:14     | Found Fubly Kayf's Jewellery Shop.
 18947 | D:14     | 18947 ||| BUYING amulet of faith (760 gold).
 18947 | D:14     | Bought an amulet of faith for 760 gold pieces
 18947 | D:14     | 18947 ||| SHOPLISTING ring "Folepor" {rPois rCorr Int+6}
                  | (1003 gold, have 457).
 18947 | D:14     | 18947 ||| SHOPLISTING ring of protection from cold (475
                  | gold, have 457).
 18947 | D:14     | 18947 ||| BUYING ring of resist corrosion (380 gold).
 18947 | D:14     | Bought a ring of resist corrosion for 380 gold pieces
 18961 | D:14     | 18961 ||| Stepping ~*~*~tactically~*~*~ (hiding).
 18962 | D:14     | 18962 ||| Stepping ~*~*~tactically~*~*~ (hiding).
 19248 | D:14     | Found a broken altar of Ashenzari.
 19311 | D:14     | Found an iron altar of Okawaru.
 19518 | D:14     | 19518 ||| UPGRADING to amulet of faith.
 19556 | D:15     | Entered Level 15 of the Dungeon
 19557 | D:15     | 19557 ||| PLANNING GAUNTLET
 19585 | D:15     | 19585 ||| INVOKING Heroism.
 19592 | D:15     | 19592 ||| SWAPPING to +6 eveningstar of the Flying Stork
                  | {heavy, rN+ rCorr}.
 19601 | D:15     | 19601 ||| INVOKING Heroism.
 19609 | D:15     | 19609 ||| SWAPPING to +4 spectral broad axe.
 19609 | D:15     | HP: 20/96 [cyan ugly thing (7)]
 19610 | D:15     | 19610 ||| READING 12 scrolls of teleportation.
 19611 | D:15     | 19611 ||| DRINKING potion of heal wounds.
 19708 | D:15     | 19708 ||| Stepping ~*~*~tactically~*~*~ (stealth).
 19709 | D:15     | 19709 ||| Stepping ~*~*~tactically~*~*~ (stealth).
 19715 | D:15     | 19715 ||| DRINKING 7 potions of curing.
 19715 | D:15     | 19715 ||| (to cure confusion)
 19879 | D:15     | 19879 ||| Stepping ~*~*~tactically~*~*~ (hiding).
 19883 | D:15     | 19883 ||| INVOKING Heroism.
 19925 | D:15     | Found a staircase to the Depths.
 19964 | D:15     | 19964 ||| Stepping ~*~*~tactically~*~*~ (hiding).
 20000 | D:15     | 20000 ||| RIP GAUNTLET
 20025 | D:15     | 20025 ||| PLANNING D
 20026 | D:15     | 20026 ||| Stepping ~*~*~tactically~*~*~ (hiding).
 20027 | D:15     | 20027 ||| Stepping ~*~*~tactically~*~*~ (hiding).
 20028 | D:15     | 20028 ||| Stepping ~*~*~tactically~*~*~ (hiding).
 20029 | D:15     | 20029 ||| Stepping ~*~*~tactically~*~*~ (hiding).
 20178 | D:15     | 20178 ||| INVOKING Heroism.
 20292 | D:15     | 20292 ||| PLANNING ORC
 20292 | D:15     | 20292 ||| DROPPING ring of ice.
 20417 | Orc:1    | Entered Level 1 of the Orcish Mines
 20417 | Orc:1    | Noticed Snorg
 20425 | Orc:1    | 20425 ||| STAIRDANCE
 20427 | D:9      | 20427 ||| INVOKING Heroism.
 20431 | D:9      | Killed Snorg
 20635 | Orc:2    | Entered Level 2 of the Orcish Mines
 20789 | Orc:1    | Noticed Urug
 20790 | Orc:1    | 20790 ||| INVOKING Heroism.
 20797 | Orc:1    | Killed Urug
 20876 | Orc:1    | Found a runed translucent door.
 20883 | Orc:1    | Noticed blexxed's ghost (journeyman DsFi)
 21080 | Orc:1    | 21080 ||| Stepping randomly (stuck).
 21153 | Orc:2    | 21153 ||| Stepping ~*~*~tactically~*~*~ (hiding).
 21241 | Orc:2    | 21241 ||| Stepping ~*~*~tactically~*~*~ (hiding).
 21242 | Orc:2    | 21242 ||| Stepping ~*~*~tactically~*~*~ (hiding).
 21249 | Orc:2    | 21249 ||| INVOKING Heroism.
 21250 | Orc:2    | Paralysed by an orc sorcerer for 2 turns
 21322 | Orc:2    | 21322 ||| INVOKING Heroism.
 21328 | Orc:2    | Paralysed by an orc sorcerer for 4 turns
 21335 | Orc:2    | Reached skill level 15 in Armour
 21340 | Orc:2    | 21340 ||| Stepping ~*~*~tactically~*~*~ (hiding).
 21354 | Orc:2    | 21354 ||| Stepping ~*~*~tactically~*~*~ (hiding).
 21364 | Orc:2    | 21364 ||| Stepping ~*~*~tactically~*~*~ (hiding).
 21365 | Orc:2    | 21365 ||| FLEEEEING.
 21366 | Orc:2    | 21366 ||| Stepping ~*~*~tactically~*~*~ (hiding).
 21367 | Orc:2    | 21367 ||| INVOKING Heroism.
 21370 | Orc:2    | HP: 21/96 [orc warrior/+1 hand axe of distortion (16)]
 21371 | Orc:2    | 21371 ||| READING 11 scrolls of teleportation.
 21377 | Orc:2    | 21377 ||| Stepping ~*~*~tactically~*~*~ (hiding).
 21594 | Orc:2    | Found a staircase to the Elven Halls.
 21605 | Orc:2    | 21605 ||| DRINKING 6 potions of curing.
 21605 | Orc:2    | 21605 ||| (to cure confusion)
 21751 | Orc:2    | 21751 ||| Stepping ~*~*~tactically~*~*~ (hiding).
 21865 | Orc:2    | Found Oqaim's Weapon Emporium.
 21865 | Orc:2    | Found Jubb's Distillery.
 21866 | Orc:2    | Found Ahiaqorucu's Magic Scroll Shoppe.
 21870 | Orc:2    | Found Ocydd's Jewellery Emporium.
 21874 | Orc:2    | 21874 ||| SHOPLISTING amulet of Vitality {RegenMP++
                  | Regen++} (1000 gold, have 994).
 21874 | Orc:2    | 21874 ||| BUYING ring of protection from fire (250 gold).
 21874 | Orc:2    | Bought a ring of protection from fire for 250 gold pieces
 21875 | Orc:2    | 21875 ||| BUYING scroll of identify (24 gold).
 21875 | Orc:2    | Bought a scroll of identify for 24 gold pieces
 21875 | Orc:2    | 21875 ||| BUYING scroll of identify (24 gold).
 21875 | Orc:2    | Bought a scroll of identify for 24 gold pieces
 21875 | Orc:2    | 21875 ||| BUYING scroll of identify (24 gold).
 21875 | Orc:2    | Bought a scroll of identify for 24 gold pieces
 21875 | Orc:2    | 21875 ||| BUYING scroll of teleportation (36 gold).
 21875 | Orc:2    | Bought a scroll of teleportation for 36 gold pieces
 21876 | Orc:2    | 21876 ||| BUYING potion of curing (45 gold).
 21876 | Orc:2    | Bought a potion of curing for 45 gold pieces
 21876 | Orc:2    | 21876 ||| BUYING potion of heal wounds (75 gold).
 21876 | Orc:2    | Bought a potion of heal wounds for 75 gold pieces
 21876 | Orc:2    | 21876 ||| BUYING potion of heal wounds (75 gold).
 21876 | Orc:2    | Bought a potion of heal wounds for 75 gold pieces
 21876 | Orc:2    | 21876 ||| BUYING potion of resistance (150 gold).
 21876 | Orc:2    | Bought a potion of resistance for 150 gold pieces
 21895 | Orc:2    | 21895 ||| Stepping ~*~*~tactically~*~*~ (stealth).
 21928 | Orc:2    | 21928 ||| Stepping ~*~*~tactically~*~*~ (stealth).
 21950 | Orc:2    | 21950 ||| Stepping ~*~*~tactically~*~*~ (hiding).
 22173 | Orc:2    | 22173 ||| PLANNING SNAKE:1-3
 22339 | Snake:1  | Entered Level 1 of the Snake Pit
 22440 | Snake:1  | Reached XP level 16. HP: 98/101 MP: 23/23
 22483 | Snake:1  | Received a gift from Okawaru
 22536 | Snake:1  | 22536 ||| INVOKING Heroism.
 22784 | Snake:1  | 22784 ||| INVOKING Heroism.
 22945 | Snake:1  | 22945 ||| INVOKING Heroism.
 23134 | Snake:1  | 23134 ||| Stepping ~*~*~tactically~*~*~ (hiding).
 23135 | Snake:1  | 23135 ||| Stepping ~*~*~tactically~*~*~ (hiding).
 23136 | Snake:1  | 23136 ||| Stepping ~*~*~tactically~*~*~ (hiding).
 23258 | Snake:1  | 23258 ||| Stepping ~*~*~tactically~*~*~ (hiding).
 23261 | Snake:1  | 23261 ||| Stepping ~*~*~tactically~*~*~ (hiding).
 23262 | Snake:1  | 23262 ||| Stepping ~*~*~tactically~*~*~ (hiding).
 23264 | Snake:1  | 23264 ||| Stepping ~*~*~tactically~*~*~ (hiding).
 23266 | Snake:1  | 23266 ||| Stepping ~*~*~tactically~*~*~ (hiding).
 23395 | Snake:1  | 23395 ||| INVOKING Heroism.
 23703 | Snake:1  | 23703 ||| INVOKING Heroism.
 23907 | Snake:1  | 23907 ||| UPGRADING to +2 tower shield.
 23917 | Snake:1  | 23917 ||| DROPPING +0 buckler.
 23918 | Snake:1  | 23918 ||| DROPPING scarf of repulsion.
 23972 | Snake:2  | 23972 ||| Stepping ~*~*~tactically~*~*~ (hiding).
 23987 | Snake:2  | Received a gift from Okawaru
 24040 | Snake:2  | 24040 ||| Stepping ~*~*~tactically~*~*~ (hiding).
 24041 | Snake:2  | 24041 ||| Stepping ~*~*~tactically~*~*~ (hiding).
 24042 | Snake:2  | 24042 ||| Stepping ~*~*~tactically~*~*~ (hiding).
 24044 | Snake:2  | 24044 ||| Stepping ~*~*~tactically~*~*~ (hiding).
 24045 | Snake:2  | 24045 ||| Stepping ~*~*~tactically~*~*~ (hiding).
 24049 | Snake:2  | 24049 ||| INVOKING Heroism.
 24121 | Snake:2  | Reached skill level 9 in Shields
 24305 | Snake:2  | Found a transporter.
 24324 | Snake:2  | Found the +8 lance "Wyrmbane" {slay drac, rPois rF+ rC+
                  | AC+3}
 24332 | Snake:2  | 24332 ||| INVOKING Heroism.
 24398 | Snake:2  | 24398 ||| Stepping ~*~*~tactically~*~*~ (stealth).
 24398 | Snake:2  | Found a transporter.
 24400 | Snake:2  | Found a transporter.
 24412 | Snake:2  | Noticed a nagaraja
 24442 | Snake:2  | 24442 ||| Stepping ~*~*~tactically~*~*~ (hiding).
 24452 | Snake:2  | 24452 ||| Stepping ~*~*~tactically~*~*~ (hiding).
 24487 | Snake:2  | 24487 ||| INVOKING Heroism.
 24774 | Snake:2  | 24774 ||| Stepping ~*~*~tactically~*~*~ (hiding).
 24775 | Snake:2  | 24775 ||| Stepping ~*~*~tactically~*~*~ (hiding).
 24782 | Snake:2  | 24782 ||| Stepping ~*~*~tactically~*~*~ (hiding).
 24786 | Snake:2  | 24786 ||| INVOKING Heroism.
 24788 | Snake:2  | 24788 ||| Stepping ~*~*~tactically~*~*~ (hiding).
 24825 | Snake:2  | Found a transporter.
 24826 | Snake:2  | Noticed a nagaraja
 24827 | Snake:2  | Found a transporter.
 24899 | Snake:2  | Identified the +3 war axe of the Wraith {drain, rElec}
                  | (Okawaru gifted it to you on level 2 of the Snake Pit)
 24899 | Snake:2  | Received a gift from Okawaru
 24900 | Snake:2  | 24900 ||| Stepping ~*~*~tactically~*~*~ (hiding).
 24901 | Snake:2  | 24901 ||| Stepping ~*~*~tactically~*~*~ (hiding).
 25228 | Snake:2  | 25228 ||| Stepping ~*~*~tactically~*~*~ (stealth).
 25230 | Snake:2  | 25230 ||| Stepping ~*~*~tactically~*~*~ (stealth).
 25239 | Snake:2  | 25239 ||| Stepping ~*~*~tactically~*~*~ (stealth).
 25240 | Snake:2  | 25240 ||| Stepping ~*~*~tactically~*~*~ (stealth).
 25266 | Snake:2  | 25266 ||| DROPPING ring of magical power.
 25454 | Snake:3  | 25454 ||| INVOKING Heroism.
 25458 | Snake:3  | Reached skill level 12 in Shields
 25856 | Snake:3  | 25856 ||| INVOKING Heroism.
 26079 | Snake:3  | 26079 ||| INVOKING Heroism.
 26087 | Snake:3  | Received a gift from Okawaru
 26311 | Snake:3  | 26311 ||| PLANNING SWAMP:1-3
 26311 | Snake:3  | 26311 ||| DROPPING ring of fire.
 26312 | Snake:3  | 26312 ||| READING 6 scrolls of identify.
 26312 | Snake:3  | 26312 ||| IDENTIFYING white potion
 26475 | Swamp:1  | Entered Level 1 of the Swamp
 26476 | Swamp:1  | 26476 ||| INVOKING Heroism.
 26479 | Swamp:1  | 26479 ||| INVOKING Finesse.
 26482 | Swamp:1  | Reached XP level 17. HP: 99/108 MP: 24/24
 26483 | Swamp:1  | 26483 ||| SWAPPING to +6 eveningstar of the Flying Stork
                  | {heavy, rN+ rCorr}.
 26487 | Swamp:1  | 26487 ||| SWAPPING to +4 spectral broad axe.
 26657 | Swamp:1  | Noticed Louise
 26659 | Swamp:1  | 26659 ||| INVOKING Heroism.
 26674 | Swamp:1  | Killed Louise
 26699 | Swamp:1  | 26699 ||| INVOKING Heroism.
 26757 | Swamp:1  | 26757 ||| Stepping ~*~*~tactically~*~*~ (stealth).
 26806 | Swamp:1  | 26806 ||| INVOKING Heroism.
 26833 | Swamp:1  | 26833 ||| FLEEEEING.
 26960 | Swamp:1  | 26960 ||| FLEEEEING.
 26970 | Swamp:1  | Received a gift from Okawaru
 27262 | Swamp:1  | 27262 ||| Stepping ~*~*~tactically~*~*~ (hiding).
 27513 | Swamp:1  | Noticed Aizul
 27514 | Swamp:1  | 27514 ||| INVOKING Heroism.
 27515 | Swamp:1  | 27515 ||| INVOKING Finesse.
 27523 | Swamp:1  | Killed Aizul
 27524 | Swamp:1  | Reached skill level 15 in Shields
 27662 | Swamp:2  | 27662 ||| FLEEEEING.
 27663 | Swamp:2  | 27663 ||| STAIRDANCE
 27745 | Swamp:2  | 27745 ||| Stepping ~*~*~tactically~*~*~ (stealth).
 27756 | Swamp:2  | 27756 ||| INVOKING Heroism.
 27764 | Swamp:2  | Received a gift from Okawaru
 27780 | Swamp:2  | 27780 ||| Stepping ~*~*~tactically~*~*~ (cloud).
 27783 | Swamp:2  | 27783 ||| Stepping ~*~*~tactically~*~*~ (cloud).
 27820 | Swamp:2  | 27820 ||| Stepping ~*~*~tactically~*~*~ (stealth).
 27823 | Swamp:2  | 27823 ||| Stepping ~*~*~tactically~*~*~ (stealth).
 27824 | Swamp:2  | 27824 ||| Stepping ~*~*~tactically~*~*~ (stealth).
 27825 | Swamp:2  | 27825 ||| Stepping ~*~*~tactically~*~*~ (stealth).
 27837 | Swamp:2  | 27837 ||| Stepping ~*~*~tactically~*~*~ (stealth).
 27879 | Swamp:2  | 27879 ||| Stepping ~*~*~tactically~*~*~ (hiding).
 28160 | Swamp:2  | 28160 ||| Stepping ~*~*~tactically~*~*~ (stealth).
 28174 | Swamp:2  | 28174 ||| FLEEEEING.
 28175 | Swamp:2  | 28175 ||| FLEEEEING.
 28176 | Swamp:2  | 28176 ||| FLEEEEING.
 28177 | Swamp:2  | 28177 ||| FLEEEEING.
 28178 | Swamp:2  | 28178 ||| FLEEEEING.
 28179 | Swamp:2  | 28179 ||| FLEEEEING.
 28183 | Swamp:2  | 28183 ||| INVOKING Heroism.
 28190 | Swamp:2  | 28190 ||| Stepping ~*~*~tactically~*~*~ (hiding).
 28191 | Swamp:2  | 28191 ||| Stepping ~*~*~tactically~*~*~ (hiding).
 28285 | Swamp:2  | 28285 ||| INVOKING Heroism.
 28447 | Swamp:2  | 28447 ||| DROPPING +6 ring of intelligence.
 28460 | Swamp:3  | 28460 ||| INVOKING Heroism.
 28538 | Swamp:3  | 28538 ||| READING scroll of enchant weapon.
 28538 | Swamp:3  | 28538 ||| ENCHANTING +4 spectral broad axe.
 28638 | Swamp:3  | 28638 ||| Stepping ~*~*~tactically~*~*~ (stealth).
 28640 | Swamp:3  | 28640 ||| INVOKING Heroism.
 28643 | Swamp:3  | 28643 ||| SWAPPING to +6 eveningstar of the Flying Stork
                  | {heavy, rN+ rCorr}.
 28646 | Swamp:3  | 28646 ||| SWAPPING to +5 spectral broad axe.
 28743 | Swamp:3  | 28743 ||| INVOKING Heroism.
 28795 | Swamp:3  | 28795 ||| INVOKING Heroism.
 28800 | Swamp:3  | Received a gift from Okawaru
 28828 | Swamp:3  | 28828 ||| Stepping ~*~*~tactically~*~*~ (stealth).
 28831 | Swamp:3  | 28831 ||| Stepping ~*~*~tactically~*~*~ (stealth).
 28876 | Swamp:3  | 28876 ||| Stepping ~*~*~tactically~*~*~ (hiding).
 28878 | Swamp:3  | 28878 ||| Stepping ~*~*~tactically~*~*~ (hiding).
 29079 | Swamp:3  | 29079 ||| Stepping ~*~*~tactically~*~*~ (cloud).
 29082 | Swamp:3  | 29082 ||| Stepping ~*~*~tactically~*~*~ (cloud).
 29087 | Swamp:3  | 29087 ||| INVOKING Heroism.
 29093 | Swamp:3  | 29093 ||| Stepping ~*~*~tactically~*~*~ (hiding).
 29095 | Swamp:3  | 29095 ||| Stepping ~*~*~tactically~*~*~ (hiding).
 29096 | Swamp:3  | 29096 ||| Stepping ~*~*~tactically~*~*~ (hiding).
 29112 | Swamp:3  | 29112 ||| Stepping ~*~*~tactically~*~*~ (stealth).
 29346 | Swamp:3  | 29346 ||| PLANNING SNAKE:4
 29550 | Snake:4  | Entered Level 4 of the Snake Pit
 29553 | Snake:4  | 29553 ||| Stepping ~*~*~tactically~*~*~ (hiding).
 29556 | Snake:4  | 29556 ||| Stepping ~*~*~tactically~*~*~ (hiding).
 29572 | Snake:4  | Received a gift from Okawaru
 29621 | Snake:4  | 29621 ||| READING scroll of enchant armour.
 29621 | Snake:4  | 29621 ||| ENCHANTING +1 crystal plate armour.
 29647 | Snake:4  | 29647 ||| Stepping ~*~*~tactically~*~*~ (hiding).
 29876 | Snake:4  | 29876 ||| Stepping ~*~*~tactically~*~*~ (hiding).
 29881 | Snake:4  | 29881 ||| INVOKING Heroism.
 29935 | Snake:4  | 29935 ||| INVOKING Heroism.
 29949 | Snake:4  | 29949 ||| Stepping ~*~*~tactically~*~*~ (hiding).
 29950 | Snake:4  | 29950 ||| Stepping ~*~*~tactically~*~*~ (hiding).
 29963 | Snake:4  | 29963 ||| INVOKING Heroism.
 29982 | Snake:4  | 29982 ||| Stepping ~*~*~tactically~*~*~ (hiding).
 29983 | Snake:4  | 29983 ||| Stepping ~*~*~tactically~*~*~ (hiding).
 30086 | Snake:4  | Reached XP level 18. HP: 86/114 MP: 25/25
 30087 | Snake:4  | 30087 ||| STAIRDANCE
 30089 | Snake:3  | 30089 ||| INVOKING Heroism.
 30185 | Snake:3  | 30185 ||| DROPPING +5 mace of the Eternal Void {flame, rC+
                  | Will+ rCorr Str-2}.
 30186 | Snake:3  | 30186 ||| DROPPING +6 eveningstar of the Flying Stork
                  | {heavy, rN+ rCorr}.
 30362 | Snake:4  | 30362 ||| Stepping ~*~*~tactically~*~*~ (hiding).
 30367 | Snake:4  | 30367 ||| INVOKING Heroism.
 30375 | Snake:4  | 30375 ||| Stepping ~*~*~tactically~*~*~ (stealth).
 30376 | Snake:4  | 30376 ||| Stepping ~*~*~tactically~*~*~ (stealth).
 30377 | Snake:4  | 30377 ||| Stepping ~*~*~tactically~*~*~ (stealth).
 30378 | Snake:4  | 30378 ||| Stepping ~*~*~tactically~*~*~ (stealth).
 30403 | Snake:4  | 30403 ||| Stepping ~*~*~tactically~*~*~ (hiding).
 30537 | Snake:4  | Noticed a quicksilver dragon
 30537 | Snake:4  | Noticed a quicksilver dragon
 30538 | Snake:4  | 30538 ||| Stepping ~*~*~tactically~*~*~ (hiding).
 30540 | Snake:4  | 30540 ||| INVOKING Heroism.
 30546 | Snake:4  | Killed a quicksilver dragon
 30553 | Snake:4  | Killed a quicksilver dragon
 30646 | Snake:4  | Got a serpentine rune of Zot
 30657 | Snake:4  | 30657 ||| Stepping ~*~*~tactically~*~*~ (hiding).
 30658 | Snake:4  | 30658 ||| INVOKING Heroism.
 30663 | Snake:4  | 30663 ||| Stepping ~*~*~tactically~*~*~ (hiding).
 30664 | Snake:4  | 30664 ||| Stepping ~*~*~tactically~*~*~ (hiding).
 30677 | Snake:4  | Reached skill level 6 in Throwing
 30816 | Snake:4  | 30816 ||| INVOKING Heroism.
 30866 | Snake:4  | 30866 ||| Stepping ~*~*~tactically~*~*~ (stealth).
 30910 | Snake:4  | 30910 ||| INVOKING Heroism.
 31009 | Snake:4  | 31009 ||| READING 2 scrolls of enchant armour.
 31009 | Snake:4  | 31009 ||| ENCHANTING +2 crystal plate armour.
 31010 | Snake:4  | 31010 ||| READING scroll of enchant armour.
 31010 | Snake:4  | 31010 ||| ENCHANTING +3 crystal plate armour.
 31061 | Snake:4  | 31061 ||| PLANNING VAULTS:1-4
 31061 | Snake:4  | 31061 ||| DROPPING +4 ring of protection.
 31062 | Snake:4  | 31062 ||| UPGRADING to +5 ring of evasion.
 31065 | Snake:4  | 31065 ||| Stepping ~*~*~tactically~*~*~ (stealth).
 31067 | Snake:4  | 31067 ||| Stepping ~*~*~tactically~*~*~ (hiding).
 31429 | Vaults:1 | Entered Level 1 of the Vaults
 31430 | Vaults:1 | 31430 ||| PLANNING DESOLATION
 31485 | Vaults:1 | Identified the amulet "Ijyc" {Reflect -Tele rPois Int+2
                  | Slay+2 SH+5}
 31691 | Vaults:1 | Found a crumbling gateway.
 31701 | Vaults:1 | 31701 ||| INVOKING Heroism.
 31819 | Vaults:1 | Found a glowing golden altar of the Shining One.
 31819 | Vaults:1 | Found a white marble altar of Elyvilon.
 31819 | Vaults:1 | Found a glowing silver altar of Zin.
 31826 | Desolati | Entered the Desolation of Salt
 31830 | Desolati | 31830 ||| Stepping ~*~*~tactically~*~*~ (stealth).
 31832 | Desolati | 31832 ||| Stepping ~*~*~tactically~*~*~ (stealth).
 31834 | Desolati | Identified the +1 helmet of Generosity {rCorr} (Okawaru
                  | gifted it to you in the Desolation of Salt)
 31834 | Desolati | Received a gift from Okawaru
 31870 | Desolati | 31870 ||| FLEEEEING.
 31872 | Desolati | 31872 ||| FLEEEEING.
 31873 | Desolati | 31873 ||| FLEEEEING.
 31874 | Desolati | 31874 ||| FLEEEEING.
 31875 | Desolati | 31875 ||| FLEEEEING.
 31876 | Desolati | 31876 ||| FLEEEEING.
 31877 | Desolati | 31877 ||| FLEEEEING.
 31878 | Desolati | 31878 ||| FLEEEEING.
 32032 | Desolati | Reached skill level 18 in Axes
 32059 | Desolati | 32059 ||| Stepping ~*~*~tactically~*~*~ (stealth).
 32230 | Desolati | Found the +10 tower shield of Ignorance {rN+ Int-4}
 32241 | Desolati | 32241 ||| INVOKING Heroism.
 32244 | Desolati | Received a gift from Okawaru
 32273 | Desolati | 32273 ||| Stepping ~*~*~tactically~*~*~ (stealth).
 32274 | Desolati | 32274 ||| INVOKING Heroism.
 32279 | Desolati | 32279 ||| Stepping ~*~*~tactically~*~*~ (stealth).
 32280 | Desolati | 32280 ||| Stepping ~*~*~tactically~*~*~ (stealth).
 32285 | Desolati | 32285 ||| Stepping ~*~*~tactically~*~*~ (stealth).
 32291 | Desolati | 32291 ||| Stepping ~*~*~tactically~*~*~ (stealth).
 32292 | Desolati | 32292 ||| Stepping ~*~*~tactically~*~*~ (stealth).
 32307 | Desolati | 32307 ||| Stepping ~*~*~tactically~*~*~ (stealth).
 32320 | Desolati | 32320 ||| Stepping ~*~*~tactically~*~*~ (stealth).
 32323 | Desolati | 32323 ||| Stepping ~*~*~tactically~*~*~ (stealth).
 32361 | Desolati | 32361 ||| Stepping ~*~*~tactically~*~*~ (stealth).
 32388 | Desolati | Identified the +1 glaive "Fiaggies" {pain, Str+2 Int+3}
 32390 | Desolati | Identified the +4 scale mail of Parlour Games {rElec rCorr}
 32497 | Desolati | 32497 ||| Stepping ~*~*~tactically~*~*~ (hiding).
 32512 | Desolati | 32512 ||| INVOKING Heroism.
 32624 | Desolati | Identified the amulet of Exhibitionism {Spirit Rampage
                  | Will++ MP+9}
 32629 | Desolati | Identified the amulet "Dyazir" {Acrobat SInv}
 32702 | Desolati | 32702 ||| INVOKING Heroism.
 32703 | Desolati | 32703 ||| INVOKING Finesse.
 32704 | Desolati | 32704 ||| INVOKING Finesse.
 32706 | Desolati | 32706 ||| Stepping ~*~*~tactically~*~*~ (hiding).
 32816 | Desolati | Reached XP level 19. HP: 120/120 MP: 26/26
 32830 | Desolati | Identified the +3 ring mail "Niyx Lon" {Will- Dex+3}
 32835 | Desolati | Identified the staff of the Abyss {Fly rCorr Earth}
 33032 | Desolati | 33032 ||| UPGRADING to +10 tower shield of Ignorance {rN+
                  | Int-4}.
 33042 | Desolati | 33042 ||| DROPPING +2 tower shield.
 33072 | Vaults:1 | 33072 ||| PLANNING VAULTS:1-4
 33232 | Vaults:1 | 33232 ||| Stepping ~*~*~tactically~*~*~ (hiding).
 33233 | Vaults:1 | 33233 ||| Stepping ~*~*~tactically~*~*~ (hiding).
 33378 | Vaults:1 | 33378 ||| INVOKING Heroism.
 33379 | Vaults:1 | 33379 ||| INVOKING Finesse.
 33560 | Vaults:1 | Found Lutae's Antique Weapon Boutique.
 33596 | Vaults:1 | 33596 ||| Stepping ~*~*~tactically~*~*~ (hiding).
 33602 | Vaults:1 | 33602 ||| Stepping ~*~*~tactically~*~*~ (hiding).
 33677 | Vaults:1 | 33677 ||| Stepping ~*~*~tactically~*~*~ (stealth).
 33680 | Vaults:1 | 33680 ||| INVOKING Heroism.
 33686 | Vaults:1 | Reached skill level 18 in Shields
 33904 | Vaults:1 | 33904 ||| Stepping ~*~*~tactically~*~*~ (stealth).
 34124 | Vaults:2 | 34124 ||| INVOKING Heroism.
 34125 | Vaults:2 | 34125 ||| INVOKING Finesse.
 34170 | Vaults:2 | 34170 ||| Stepping ~*~*~tactically~*~*~ (hiding).
 34172 | Vaults:2 | 34172 ||| Stepping ~*~*~tactically~*~*~ (hiding).
 34242 | Vaults:2 | 34242 ||| Stepping ~*~*~tactically~*~*~ (hiding).
 34245 | Vaults:2 | 34245 ||| Stepping ~*~*~tactically~*~*~ (hiding).
 34246 | Vaults:2 | 34246 ||| Stepping ~*~*~tactically~*~*~ (hiding).
 34414 | Vaults:2 | Noticed Bai Suzhen
 34415 | Vaults:2 | 34415 ||| INVOKING Heroism.
 34416 | Vaults:2 | 34416 ||| INVOKING Finesse.
 34431 | Vaults:2 | Killed Bai Suzhen
 34432 | Vaults:2 | 34432 ||| Stepping ~*~*~tactically~*~*~ (cloud).
 34608 | Vaults:2 | 34608 ||| INVOKING Heroism.
 34609 | Vaults:2 | 34609 ||| INVOKING Finesse.
 34693 | Vaults:2 | Noticed Frederick
 34694 | Vaults:2 | 34694 ||| INVOKING Heroism.
 34701 | Vaults:2 | Killed Frederick
 34701 | Vaults:2 | Received a gift from Okawaru
 34709 | Vaults:2 | Reached skill level 18 in Armour
 34786 | Vaults:2 | 34786 ||| INVOKING Heroism.
 34858 | Vaults:2 | 34858 ||| INVOKING Heroism.
 34926 | Vaults:2 | Received a gift from Okawaru
 35015 | Vaults:2 | 35015 ||| Stepping ~*~*~tactically~*~*~ (hiding).
 35105 | Vaults:2 | Reached skill level 15 in Fighting
 35114 | Vaults:2 | Identified the +6 plate armour of Shadows and Fog {Will+}
                  | (Okawaru gifted it to you on level 2 of the Vaults)
 35114 | Vaults:2 | Received a gift from Okawaru
 35245 | Vaults:2 | 35245 ||| FLEEEEING.
 35246 | Vaults:2 | 35246 ||| FLEEEEING.
 35247 | Vaults:2 | 35247 ||| FLEEEEING.
 35248 | Vaults:2 | 35248 ||| STAIRDANCE
 35427 | Vaults:2 | Found a runed translucent gate.
 35427 | Vaults:2 | Found a runed translucent gate.
 35427 | Vaults:2 | Found a runed translucent gate.
 35429 | Vaults:2 | Noticed qw's ghost (adept GrFi)
 35495 | Vaults:2 | 35495 ||| INVOKING Heroism.
 35665 | Vaults:2 | 35665 ||| INVOKING Heroism.
 35666 | Vaults:2 | 35666 ||| INVOKING Finesse.
 35832 | Vaults:2 | Paralysed by a Zot trap for 4 turns
 36584 | Vaults:2 | 36584 ||| Stepping randomly (stuck).
 36596 | Vaults:2 | Gained mutation: You are vulnerable to heat. (rF-)
                  | [mutagenic glow]
 36607 | Vaults:3 | 36607 ||| DRINKING potion of mutation.
 36607 | Vaults:3 | Lost mutation: You are vulnerable to heat. (rF-) [potion of
                  | mutation]
 36607 | Vaults:3 | Gained mutation: You are robust. (+10% HP) [potion of
                  | mutation]
 36615 | Vaults:3 | Gained mutation: You are weak. (Str -2) [mutagenic glow]
 36655 | Vaults:3 | 36655 ||| Stepping ~*~*~tactically~*~*~ (hiding).
 36680 | Vaults:3 | 36680 ||| FLEEEEING.
 36681 | Vaults:3 | 36681 ||| FLEEEEING.
 36682 | Vaults:3 | 36682 ||| FLEEEEING.
 36683 | Vaults:3 | 36683 ||| FLEEEEING.
 36684 | Vaults:3 | 36684 ||| FLEEEEING.
 36685 | Vaults:3 | 36685 ||| FLEEEEING.
 36686 | Vaults:3 | 36686 ||| FLEEEEING.
 36687 | Vaults:3 | 36687 ||| FLEEEEING.
 36688 | Vaults:3 | 36688 ||| STAIRDANCE
 36799 | Vaults:3 | Noticed Margery
 36800 | Vaults:3 | 36800 ||| DRINKING 2 potions of resistance.
 36801 | Vaults:3 | 36801 ||| INVOKING Heroism.
 36809 | Vaults:3 | Killed Margery
 36820 | Vaults:3 | 36820 ||| FLEEEEING.
 36821 | Vaults:3 | 36821 ||| FLEEEEING.
 36822 | Vaults:3 | 36822 ||| FLEEEEING.
 36823 | Vaults:3 | 36823 ||| FLEEEEING.
 36824 | Vaults:3 | 36824 ||| STAIRDANCE
 37093 | Vaults:3 | 37093 ||| READING scroll of enchant armour.
 37093 | Vaults:3 | 37093 ||| ENCHANTING +4 crystal plate armour.
 37096 | Vaults:3 | 37096 ||| Stepping ~*~*~tactically~*~*~ (hiding).
 37098 | Vaults:3 | 37098 ||| Stepping ~*~*~tactically~*~*~ (hiding).
 37111 | Vaults:3 | Paralysed by a great orb of eyes for 5 turns
 37156 | Vaults:3 | 37156 ||| INVOKING Heroism.
 37245 | Vaults:3 | 37245 ||| Stepping ~*~*~tactically~*~*~ (stealth).
 37272 | Vaults:3 | 37272 ||| INVOKING Heroism.
 37317 | Vaults:3 | 37317 ||| INVOKING Heroism.
 37321 | Vaults:3 | Reached XP level 20. HP: 44/141 MP: 24/27
 37352 | Vaults:3 | 37352 ||| Stepping ~*~*~tactically~*~*~ (stealth).
 37354 | Vaults:3 | 37354 ||| Stepping ~*~*~tactically~*~*~ (stealth).
 37460 | Vaults:3 | 37460 ||| Stepping ~*~*~tactically~*~*~ (stealth).
 37461 | Vaults:3 | 37461 ||| Stepping ~*~*~tactically~*~*~ (stealth).
 37466 | Vaults:3 | 37466 ||| INVOKING Heroism.
 37700 | Vaults:3 | Found a staircase to the Crypt.
 37732 | Vaults:3 | 37732 ||| FLEEEEING.
 37733 | Vaults:3 | 37733 ||| FLEEEEING.
 37734 | Vaults:3 | 37734 ||| FLEEEEING.
 37735 | Vaults:3 | 37735 ||| FLEEEEING.
 37736 | Vaults:3 | 37736 ||| FLEEEEING.
 37737 | Vaults:3 | 37737 ||| FLEEEEING.
 37738 | Vaults:3 | 37738 ||| FLEEEEING.
 37739 | Vaults:3 | 37739 ||| FLEEEEING.
 37742 | Vaults:3 | 37742 ||| FLEEEEING.
 37743 | Vaults:3 | 37743 ||| FLEEEEING.
 37744 | Vaults:3 | 37744 ||| FLEEEEING.
 37751 | Vaults:3 | 37751 ||| FLEEEEING.
 37813 | Vaults:3 | 37813 ||| Stepping ~*~*~tactically~*~*~ (hiding).
 37816 | Vaults:3 | 37816 ||| Stepping ~*~*~tactically~*~*~ (hiding).
 37824 | Vaults:3 | 37824 ||| Stepping ~*~*~tactically~*~*~ (hiding).
 37826 | Vaults:3 | 37826 ||| INVOKING Heroism.
 37837 | Vaults:3 | Received a gift from Okawaru
 38158 | Vaults:3 | 38158 ||| INVOKING Heroism.
 38187 | Vaults:3 | Received a gift from Okawaru
 38248 | Vaults:3 | 38248 ||| Stepping ~*~*~tactically~*~*~ (hiding).
 38345 | Vaults:3 | 38345 ||| Stepping ~*~*~tactically~*~*~ (hiding).
 38458 | Vaults:3 | Identified the +3 orcbow of Famine {elec, Contam Will-
                  | rCorr Str+4}
 38463 | Vaults:3 | 38463 ||| Stepping ~*~*~tactically~*~*~ (hiding).
 38466 | Vaults:3 | 38466 ||| Stepping ~*~*~tactically~*~*~ (hiding).
 38467 | Vaults:3 | 38467 ||| Stepping ~*~*~tactically~*~*~ (hiding).
 38475 | Vaults:3 | 38475 ||| Stepping ~*~*~tactically~*~*~ (hiding).
 38476 | Vaults:3 | 38476 ||| Stepping ~*~*~tactically~*~*~ (hiding).
 38737 | Vaults:3 | 38737 ||| Stepping ~*~*~tactically~*~*~ (hiding).
 38803 | Vaults:3 | 38803 ||| Stepping ~*~*~tactically~*~*~ (stealth).
 38806 | Vaults:3 | 38806 ||| Stepping ~*~*~tactically~*~*~ (stealth).
 38817 | Vaults:3 | 38817 ||| FLEEEEING.
 38818 | Vaults:3 | 38818 ||| FLEEEEING.
 38819 | Vaults:3 | 38819 ||| FLEEEEING.
 38820 | Vaults:3 | 38820 ||| FLEEEEING.
 38954 | Vaults:3 | 38954 ||| Stepping ~*~*~tactically~*~*~ (hiding).
 38955 | Vaults:3 | 38955 ||| Stepping ~*~*~tactically~*~*~ (hiding).
 39070 | Vaults:3 | Noticed Zenata
 39093 | Vaults:3 | 39093 ||| INVOKING Heroism.
 39094 | Vaults:3 | 39094 ||| INVOKING Finesse.
 39100 | Vaults:3 | Killed Zenata
 39166 | Vaults:3 | 39166 ||| Stepping ~*~*~tactically~*~*~ (stealth).
 39322 | Vaults:4 | 39322 ||| STAIRDANCE
 39427 | Vaults:4 | 39427 ||| STAIRDANCE
 39544 | Vaults:4 | 39544 ||| Stepping ~*~*~tactically~*~*~ (stealth).
 39558 | Vaults:4 | 39558 ||| INVOKING Heroism.
 39580 | Vaults:4 | 39580 ||| FLEEEEING.
 39581 | Vaults:4 | 39581 ||| FLEEEEING.
 39582 | Vaults:4 | 39582 ||| FLEEEEING.
 39596 | Vaults:4 | Received a gift from Okawaru
 39602 | Vaults:4 | HP: 31/144 [ironbound preserver/+0 dire flail (12)]
 39603 | Vaults:4 | 39603 ||| READING 15 scrolls of teleportation.
 39604 | Vaults:4 | 39604 ||| DRINKING 4 potions of heal wounds.
 39607 | Vaults:4 | Received a gift from Okawaru
 39610 | Vaults:4 | 39610 ||| INVOKING Heroism.
 39616 | Vaults:4 | HP: 17/144 [ironbound frostheart/creeping frost[a vault
                  | warden] (33)]
 39617 | Vaults:4 | 39617 ||| READING 14 scrolls of teleportation.
 39617 | Vaults:4 | HP: 4/144 [ironbound frostheart[a vault warden] (14)]
 39617 | Vaults:4 | Annihilated by an ironbound frostheart

Levels and vault maps discovered:
D:1:      dpeg_arrival_water_fire, layout_basic
D:2:      layout_basic, chequers_serial_rivers_micro_e,
          dreamdust_mushroom_princess
D:3:      layout_basic, serial_aquarium, aquarium_bridge_square
          [aquarium_subvault_balcony, aquarium_subvault_wall,
          aquarium_subvault_window, aquarium_subvault_bridge],
          aquarium_window_1, aquarium_window_fake, aquarium_window_corridor_3,
          aquarium_window_1, aquarium_view_2b, aquarium_view_2e,
          aquarium_balcony_3a, aquarium_pool_1
D:4:      layout_basic
D:5:      layout_loops_cross, serial_shops, nicolae_book_shop_shelving
D:6:      layout_gridville, minivault_19, minmay_unpleasant_kobolds
D:7:      layout_basic, overflow_temple_1_default,
          minmay_temple_entry_gardened_gates, grunt_ministairs_2, minivault_23,
          minmay_three_doors
D:8:      layout_gridville
D:9:      gammafunk_sealed_arena, layout_basic, zombieorc2_lemuel, uniq_grum
D:10:     layout_long_grid, minmay_lair_entry_grove, serial_bayou_lake_a
D:11:     layout_loops_ring
D:12:     minmay_roctagon, layout_long_grid, hangedman_ranch
D:13:     layout_gridville, fedhas_altar_1
D:14:     layout_loops_ring, erik_vaults_1, ashenzari_altar_1, serial_shops,
          shop, okawaru_gym_becter, uniq_josephine
D:15:     grunt_enter_depths_hoard, layout_rooms, minmay_fountain_box,
          gauntlet_entry_generic
Temple:   nicolae_temple_panitentiary
Lair:1:   lemuel_ratsnest, layout_cellular_growth,
          nicolae_quartered_pool_little, infiniplex_staircase_pool_2
Lair:2:   layout_gridlike, skrybe_swamp_entry_bodies
Lair:3:   layout_loops_ring, nicolae_snake_entry_warm_welcome,
          nicolae_volcano_entry_vermiform
Lair:4:   layout_regular_city, minivault_25, lemuel_fruit_tree
Lair:5:   minmay_lair_end_frog_pond, layout_loops_ring, slime_entry_1
Swamp:1:  nicolae_swamp_wrong_neighborhood, layout_falls_marsh,
          evilmike_swamp_ruin_wall, swamp_pool3, nicolae_swamp_little_swirl,
          uniq_louise, uniq_aizul
Swamp:2:  layout_basic_swamp, hangedman_swamp_ruin_wall, swamp_pool2
Swamp:3:  layout_basic_swamp, nicolae_swamp_very_dense_foliage,
          infiniplex_staircase_pool
Snake:1:  nrook_guardian_serpent_snake_passage, layout_onion
Snake:2:  gammafunk_the_bubble [the_bubble_gammafunk_roulette],
          layout_grid_maze, grunt_megastairs_2
Snake:3:  layout_cave_pods
Snake:4:  hellmonk_snake_rune_quicksilver_temple, layout_onion,
          grunt_ministairs_13
Orc:1:    layout_caves, gammafunk_ghost_grave, nicolae_orc_sculptors_studio,
          uniq_urug, uniq_snorg
Orc:2:    st_orc_mages, layout_caves, hellmonk_bongcloud_opening
Vaults:1: portal_desolation_entry_holy_temple,
          nicolae_vaults_storage_room_water, ontoclasm_vaults_ring_large,
          v_alt_pattern_4, v_rooms_4, nicolae_vaults_diamond_2,
          nicolae_vaults_more_shelving_2, ontoclasm_vaults_fault,
          nicolae_vaults_little_ls, nicolae_vaults_house_2,
          nicolae_vaults_variable_pillar_hall,
          vaults_standard_mumra_enter_the_diamond, layout_vaults_omnicross,
          serial_shops, nicolae_diamond_shop
Vaults:2: gammafunk_ghost_tricky_traps, ontoclasm_vaults_fire_temple,
          vaults_room_octagon, vaults_room_fancy_cross,
          nicolae_vaults_sealed_display, v_pattern_1,
          nicolae_vaults_trapezoid_lopsided_3, v_misc_8, vaults_room_grid,
          hangedman_vaults_corner_blocks, v_misc_1, layout_vaults_ring,
          uniq_frederick, uniq_bai_suzhen
Vaults:3: nicolae_vaults_doubleplus_tesselated, v_misc_2,
          hangedman_vaults_slice, nicolae_vaults_storage_closets_2,
          vaults_room_hangedman_quadrants, vaults_mumra_hexcomb,
          nicolae_vaults_trapezoid_lopsided_3, minmay_crypt_entry_vampire_xt,
          vaults_room_fancy_cross, layout_vaults_maze_bifur, uniq_margery,
          uniq_zenata
Vaults:4: advil_vaults_ghost_lines, vaults_room_door_ring,
          nicolae_vaults_trapezoid_lopsided_2, vaults_room_hallway,
          nicolae_vaults_tetromino_Z_2, hangedman_vaults_stretched_pinwheel,
          vaults_room_stairs_pillars, nicolae_vaults_storage_room_statues,
          nicolae_vaults_diagonal_hallway_9, nicolae_vaults_triangles,
          vaults_dpeg_hooks, layout_vaults_big_room, serial_shops,
          nicolae_shop_peninsula

Skill      XL: |  1  2  3  4  5  6  7  8  9 10 11 12 13 14 15 16 17 18 19 20 |
---------------+-------------------------------------------------------------+-----
Axes           | 2 3 4 5 7 8 9 11 12 13 14 16 17 18 | 18.0
Fighting       | 4 5 6 7 8 9 10 11 12 13 15 16 | 16.0
Dodging        | 1 2 3 4 5 |  5.1
Armour         | 4 5 7 8 10 11 15 17 18 19 | 19.5
Throwing       | 1 4 5 6 7 8 |  8.5
Shields        | 4 5 6 7 8 13 17 18 19 | 19.0
Invocations    | 3 4 8 10 | 10.0

Action                     |  1- 3 |  4- 6 |  7- 9 | 10-12 | 13-15 | 16-18 | 19-21 || total
---------------------------+-------+-------+-------+-------+-------+-------+-------++-------
  Melee: War axe           |   118 |   223 |       |       |       |       |       ||   341
         Broad axe         |       |     3 |   166 |   408 |   538 |   816 |   507 ||  2438
         Morningstar       |       |       |       |       |     6 |       |       ||     6
         Eveningstar       |       |       |       |       |    20 |     4 |       ||    24
  Throw: Boomerang         |       |       |    16 |     6 |    64 |     6 |       ||    92
         Javelin           |       |       |       |    41 |   215 |   118 |    94 ||   468
 Invoke: Heroism           |       |       |     2 |    16 |    30 |    39 |    20 ||   107
         Finesse           |       |       |       |     1 |     6 |     3 |     6 ||    16
    Use: Scroll            |     1 |     7 |     9 |     7 |    10 |     5 |     3 ||    42
         Potion            |       |     2 |     1 |     2 |     3 |       |     3 ||    11
   Stab: Distracted        |       |       |       |     3 |    11 |    25 |    25 ||    64
 Armour: Scale mail        |    61 |    14 |       |       |       |       |       ||    75
         Plate armour      |       |   118 |   134 |   151 |   105 |       |       ||   508
         Crystal plate arm |       |       |       |       |   195 |   282 |   109 ||   586
  Dodge: Dodged            |    55 |    72 |    82 |    98 |   159 |   132 |    79 ||   677
  Block: Buckler           |    14 |    38 |    52 |    59 |   137 |    12 |       ||   312
         Reflection        |       |       |       |       |     1 |       |       ||     1
         Tower shield      |       |       |       |       |       |   481 |   438 ||   919

Table legend:
 A = Non-vault XP
 B = Vault XP
 C = Vault XP percentage of total XP
 D = Non-vault monster count
 E = Vault monster count
 F = Vault count percentage of total count
                 A         B        C        D         E       F
            +---------+---------+-------+---------+---------+-------
      Total |  276931 |  183903 |  39.9 |     811 |     447 |  35.5
            +---------+---------+-------+---------+---------+-------
        D:1 |      44 |       0 |   0.0 |      26 |       0 |   0.0
        D:2 |      91 |       0 |   0.0 |      25 |       0 |   0.0
        D:3 |     116 |       0 |   0.0 |      23 |       0 |   0.0
        D:4 |     333 |       0 |   0.0 |      22 |       0 |   0.0
        D:5 |     777 |       0 |   0.0 |      15 |       0 |   0.0
        D:6 |     539 |     499 |  48.1 |       9 |      10 |  52.6
        D:7 |     454 |     734 |  61.8 |      11 |       8 |  42.1
        D:8 |    1202 |       0 |   0.0 |      30 |       0 |   0.0
        D:9 |    2226 |    2185 |  49.5 |      13 |      42 |  76.4
       D:10 |    4485 |    2374 |  34.6 |      42 |      13 |  23.6
       D:11 |    4758 |       0 |   0.0 |      21 |       0 |   0.0
       D:12 |    3437 |    5146 |  60.0 |      11 |      13 |  54.2
       D:13 |    3874 |       0 |   0.0 |       9 |       0 |   0.0
       D:14 |    7994 |    3587 |  31.0 |      19 |       8 |  29.6
       D:15 |   10873 |    1756 |  13.9 |      26 |       2 |   7.1
     Lair:1 |    3500 |     981 |  21.9 |      18 |      38 |  67.9
     Lair:2 |    8015 |    1454 |  15.4 |      29 |       2 |   6.5
     Lair:3 |    7904 |    1271 |  13.9 |      28 |       5 |  15.2
     Lair:4 |   12787 |       0 |   0.0 |      39 |       0 |   0.0
     Lair:5 |   12210 |   10974 |  47.3 |      34 |      36 |  51.4
    Swamp:1 |   11997 |    7336 |  37.9 |      27 |       7 |  20.6
    Swamp:2 |   11881 |       0 |   0.0 |      27 |       0 |   0.0
    Swamp:3 |   15806 |       0 |   0.0 |      32 |       0 |   0.0
    Snake:1 |   13684 |     905 |   6.2 |      26 |       2 |   7.1
    Snake:2 |   22353 |    3621 |  13.9 |      46 |       5 |   9.8
    Snake:3 |   13538 |     160 |   1.2 |      23 |       1 |   4.2
    Snake:4 |   16844 |   17925 |  51.6 |      36 |      22 |  37.9
      Orc:1 |    1933 |     784 |  28.9 |      10 |       1 |   9.1
      Orc:2 |    2689 |    5100 |  65.5 |      22 |      49 |  69.0
   Vaults:1 |    6128 |   12320 |  66.8 |      10 |      15 |  60.0
   Vaults:2 |   22235 |   26748 |  54.6 |      29 |      32 |  52.5
   Vaults:3 |   32523 |   29477 |  47.5 |      48 |      37 |  43.5
   Vaults:4 |   19701 |       0 |   0.0 |      25 |       0 |   0.0
 Desolation |       0 |   48566 | 100.0 |       0 |      99 | 100.0
            +---------+---------+-------+---------+---------+-------
